[ AOE2 MATCH · #463501754 ]
Team RMPersians vs Teutons
[ REPLAY ANALYSIS · EXTRACTED FROM THE RECORDED GAME ]
Feudal
—
Castle
—
Imperial
—
| APM avg | 16.8 |
| APM peak | 39 |
| eAPM avg | 6.7 |
| Villagers / military | 7 / 0 |
Focus
⚔️ 7.1% · 🌾 92.9%
Feudal
—
Castle
—
Imperial
—
| APM avg | 7.0 |
| APM peak | 15 |
| eAPM avg | 5.9 |
| Villagers / military | 9 / 0 |
Focus
⚔️ 5.0% · 🌾 95.0%
Feudal
—
Castle
—
Imperial
—
| APM avg | 0.5 |
| APM peak | 2 |
| eAPM avg | 0.5 |
| Villagers / military | 0 / 0 |
Feudal
—
Castle
—
Imperial
—
| APM avg | 28.7 |
| APM peak | 81 |
| eAPM avg | 5.9 |
| Villagers / military | 8 / 0 |
Focus
⚔️ 0.0% · 🌾 100.0%
Feudal
—
Castle
—
Imperial
—
| APM avg | 9.1 |
| APM peak | 18 |
| eAPM avg | 8.3 |
| Villagers / military | 12 / 0 |
Focus
⚔️ 0.0% · 🌾 100.0%
Feudal
—
Castle
—
Imperial
—
| APM avg | 17.3 |
| APM peak | 30 |
| eAPM avg | 7.8 |
| Villagers / military | 9 / 0 |
Focus
⚔️ 7.7% · 🌾 92.3%
Match map
Initial resources + every placement click. Lines = walls · curves = elevation contours. ◆ gold · ⬟ stone · ● berries · ✦ relic · ◌ wall gap
Your base
DER ENERGIEBERATER's base
Hmar's base
Mouchie's base
SjRFreestyle's base
bill_nye_the_russian_spy's base
Smoothed initial terrain · ◌ = detected wall gap · hover for details
Inputs per minute
— Meetha Atankvadi - - DER ENERGIEBERATER
Build order — Meetha Atankvadi
9 actions detected in the replay
| 0:03 | Build | House |
| 0:06 | Build | House |
| 0:07 | Create | Villager (Male) |
| 0:07 | Create | Villager (Male) |
| 0:08 | Create | Villager (Male) |
| 0:17 | Create | Villager (Male) |
| 0:18 | Create | Villager (Male) |
| 1:47 | Create | Villager (Male) |
| 2:16 | Create | Villager (Male) |
Build order — DER ENERGIEBERATER
12 actions detected in the replay
| 0:02 | Create | Villager (Male) |
| 0:03 | Create | Villager (Male) |
| 0:03 | Create | Villager (Male) |
| 0:03 | Create | Villager (Male) |
| 0:09 | Build | House |
| 0:11 | Build | House |
| 1:49 | Create | Villager (Male) |
| 2:16 | Create | Villager (Male) |
| 2:47 | Create | Villager (Male) |
| 3:07 | Create | Villager (Male) |
| 3:17 | Create | Villager (Male) |
| 3:49 | Build | Mill |
Build order — Hmar
0 actions detected in the replay
Build order — Mouchie
10 actions detected in the replay
| 0:04 | Create | Villager (Male) |
| 0:04 | Create | Villager (Male) |
| 0:04 | Create | Villager (Male) |
| 0:11 | Build | House |
| 1:05 | Create | Villager (Male) |
| 1:05 | Create | Villager (Male) |
| 1:05 | Create | Villager (Male) |
| 1:51 | Create | Villager (Male) |
| 2:21 | Create | Villager (Male) |
| 2:55 | Build | House |
Build order — SjRFreestyle
17 actions detected in the replay
| 0:04 | Research | Loom |
| 0:05 | Create | Villager (Male) |
| 0:05 | Create | Villager (Male) |
| 0:06 | Create | Villager (Male) |
| 0:06 | Create | Villager (Male) |
| 0:06 | Create | Villager (Male) |
| 0:15 | Build | House |
| 0:17 | Build | House |
| 1:09 | Build | House |
| 1:10 | Build | House |
| 1:39 | Create | Villager (Male) |
| 1:39 | Create | Villager (Male) |
| 2:09 | Create | Villager (Male) |
| 2:55 | Create | Villager (Male) |
| 2:56 | Create | Villager (Male) |
| 3:23 | Create | Villager (Male) |
| 3:23 | Create | Villager (Male) |
Build order — bill_nye_the_russian_spy
9 actions detected in the replay
| 0:01 | Create | Villager (Male) ×4 |
| 0:03 | Build | House |
| 0:04 | Build | House |
| 1:25 | Create | Villager (Male) |
| 1:25 | Create | Villager (Male) |
| 2:26 | Create | Villager (Male) |
| 2:26 | Create | Villager (Male) |
| 2:26 | Create | Villager (Male) |
| 2:28 | Build | Lumber Camp |
Match timeline
| 2:29 | Meetha Atankvadi · resign |
[ AI ANALYSIS · 1 CREDIT ]
What really happened in this match?
Wolo.gg analyzes every decision: build order, eco, micro, common mistakes by bracket. Personalized analysis on WhatsApp or Discord in 30 seconds.
Civ guide
Persians
Map guide
Arena
Perfil
Jugador #12069623